 Dungeon Crawl Stone Soup version 0.13-a0-2899-gc7fce8a (webtiles) character file.

166 PolkaDot the Vexing (level 4, -1/26 (30) HPs)
             Began as a Vampire Enchanter on Aug 30, 2013.
             Slain by a scorpion (4 damage)
             ... on Level 3 of the Dungeon.
             The game lasted 00:10:49 (3396 turns).

PolkaDot the Vexing (Vampire Enchanter)             Turns: 3396, Time: 00:10:49

HP  -1/26 (30)   AC  3     Str  7      XL: 4   Next: 22%
MP   0/8         EV 12     Int 18      God:
Gold 83          SH  0     Dex 14      Spells:  2 memorised,  2 levels left

Res.Fire  : + . .   See Invis. : +   a - +2 dagger {=f}
Res.Cold  : + . .   Warding    : .   b - +1 robe
Life Prot.: + + .   Conserve   : .   (no shield)
Res.Poison: +       Res.Corr.  : .   (no helmet)
Res.Elec. : .       Clarity    : .   (no cloak)
Sust.Abil.: . .     Spirit.Shd : .   (no gloves)
Res.Mut.  : .       Rnd.Telep. : +   (no boots)
Res.Rott. : +       Flight     : .   (no amulet)
Saprovore : . . .                    p - ring of protection from fire {unknown}
                                     l - cursed ring of teleportation

@: regenerating slowly, slightly resistant to hostile enchantments, quite
stealthy
A: fangs 3, see invisible, unbreathing
a: Bat Form, Evoke Teleportation


You were on level 3 of the Dungeon.
You were very thirsty.

You visited 1 branch of the dungeon, and saw 3 of its levels.

You collected 63 gold pieces.

Inventory:

Hand weapons
 a - a +2,+2 dagger (weapon) {=f}
Missiles
 d - 12 darts (quivered)
Armour
 b - a +1 robe (worn)
 i - a +0 buckler
Magical devices
 r - a wand of teleportation (4)
Scrolls
 e - a scroll of magic mapping
 h - a scroll of remove curse {unknown}
 m - 2 scrolls of enchant weapon I
 o - a scroll of random uselessness {unknown}
 q - a scroll of teleportation {unknown}
 s - a scroll of identify
 t - a scroll of curse armour {unknown}
 u - a scroll of noise {unknown}
 v - 2 scrolls of blinking {unknown}
Jewellery
 l - a cursed ring of teleportation (left hand)
 p - a ring of protection from fire (right hand) {unknown}
Potions
 f - 2 potions of mutation
 j - a potion of slowing
 k - a potion of brilliance
Books
 c - a book of Maledictions

   Spells                             Type                      Level
   *Corona                            Hexes                        1
   Sure Blade                         Hexes/Charms                 2
   Ensorcelled Hibernation            Hexes/Ice                    2
   *Confuse                           Hexes                        3
   Enslavement                        Hexes                        4
   Invisibility                       Hexes                        6


   Skills:
 - Level 2.2 Short Blades
 - Level 0.7 Throwing
 - Level 2.1 Dodging
 * Level 4.6 Stealth
 + Level 1.7 Spellcasting
 + Level 5.4 Hexes


You had 2 spell levels left.
You knew the following spells:

 Your Spells              Type           Power        Failure   Level  Hunger
a - Corona                Hex            ###....      1%          1    #......
c - Confuse               Hex            ###.....     10%         3    ####...


Dungeon Overview and Level Annotations

Branches:
Dungeon (3/27)

Altars:
Kikubaaqudgha

Annotations:
D:3 Terence


Innate Abilities, Weirdness & Mutations

You heal slowly.
You have razor-sharp teeth.*
You have supernaturally acute eyesight.
You can survive without breathing.*


Message History

Aim: a scorpion The scorpion resists with some effort.
Casting: Confuse
Confirm with . or Enter, or press ? or * to list all spells.
Aiming: Confuse
Press: ? - help, Shift-Dir - straight line, f/p - scorpion
Aim: a scorpion The scorpion resists.
The scorpion stings you!
* * * LOW HITPOINT WARNING * * *
Drink which item? (? for menu, Esc to quit)
Okay, then.
Read which item? (? for menu, Esc to quit)
As you read the scroll labeled DATAPHEMUFF, it crumbles to dust.
You feel aware of your surroundings.
It was a scroll of magic mapping.
The scorpion stings you but does no damage.
Read which item? (? for menu, Esc to quit)
As you read the scroll labeled KEPHACZ ICYTORUL, it crumbles to dust.
Your +1,+2 dagger {=f} glows green for a moment.
It was a scroll of enchant weapon I.
The scorpion stings you.
You die...

.....................# #........
..............[......# #........
.....................####........
................................)
...........<.....................
###......................>.......
# #.......................)......
# #..............s.........).....
# #.............@..........o)....
# #..............................
# #.....%........................
# #..............................
# #..............................
# #..............................
# #............####..............
# #............# #..............
# #............# #.............#


You could see a scorpion.

Vanquished Creatures
  A gnoll (D:1)
  2 adders (D:3)
  A worm (D:3)
  2 orcs (D:3)
  8 bats
  6 hobgoblins
  A jackal (D:1)
  7 kobolds
  A quokka (D:2)
  A ball python (D:1)
  3 giant cockroaches
  A giant gecko (D:3)
  3 giant newts
  4 goblins
  A quokka zombie (D:3)
  7 rats
49 creatures vanquished.

Notes
Turn   | Place    | Note
--------------------------------------------------------------
     0 | D:1      | PolkaDot, the Vampire Enchanter, began the quest for the Orb.
     0 | D:1      | Reached XP level 1. HP: 13/13 MP: 4/4
   452 | D:1      | Reached XP level 2. HP: 10/19 MP: 5/5
  1157 | D:2      | Reached XP level 3. HP: 12/24 MP: 7/7
  1209 | D:2      | Reached skill level 5 in Hexes
  1844 | D:2      | Learned a level 3 spell: Confuse
  2385 | D:3      | Noticed Terence
  2437 | D:3      | Found an ancient bone altar of Kikubaaqudgha.
  2779 | D:3      | Reached XP level 4. HP: 27/30 MP: 2/8
  3396 | D:3      | Slain by a scorpion

Action                   |  1- 3 |  4- 6 || total
-------------------------+-------+-------++-------
Melee: Dagger            |   198 |    35 ||   233
 Cast: Corona            |    18 |       ||    18
       Confuse           |     6 |     8 ||    14
Evoke: Wand              |     1 |       ||     1
  Use: Potion            |     1 |     5 ||     6
       Scroll            |     5 |     2 ||     7
 Stab: Sleeping          |     4 |       ||     4
       Confused          |     2 |     1 ||     3
